 Dungeon Crawl Stone Soup version 0.21-a0-163-g3aa3f5d (webtiles) character file.

11279 namelastname112 the Tainter (level 11, 0/88 HPs)
             Began as a Green Draconian Wanderer on Aug 5, 2017.
             Was an Elder of Sif Muna.
             Killed from afar by a gargoyle (19 damage)
             ... with a stone arrow
             ... on level 11 of the Dungeon.
             The game lasted 00:22:22 (12544 turns).

namelastname112 the Tainter (DrWn)                 Turns: 12544, Time: 00:22:23

Health: 0/88       AC:  9    Str: 13      XL:     11   Next: 47%
Magic:  20/33      EV: 13    Int: 27 (28) God:    Sif Muna [****..]
Gold:   846        SH:  0    Dex:  9      Spells: 16/28 levels left

rFire    . . .     SeeInvis .   I - +3 quarterstaff (freeze)
rCold    . . .     Gourm    .   (shield currently unavailable)
rNeg     . . .     Faith    .   (armour unavailable)
rPois    +         Spirit   .   R - +1 hat {Int+3}
rElec    .         Reflect  .   k - +0 cloak {+Inv}
rCorr    .         Harm     .   (no gloves)
MR       .....                  (no boots)
Stlth    ++........             e - amulet of magic regeneration
HPRegen  0.24/turn              a - ring of magical power
MPRegen  0.48/turn              F - +4 ring of intelligence

@: short of breath
A: breathe noxious fumes, unfitting armour, camouflage 1, clever 1,
deterioration 1, poison resistance, cold-blooded, AC +7
a: Breathe Noxious Fumes, Divine Energy, Channel Magic, Forget Spell, Renounce
Religion, Evoke Invisibility


You were on level 11 of the Dungeon.
You worshipped Sif Muna.
Sif Muna was greatly pleased with you.
You were hungry.

You visited 2 branches of the dungeon, and saw 12 of its levels.
You also visited: Ossuary.

You collected 846 gold pieces.

Inventory:

Hand Weapons
 I - a +3 quarterstaff of freezing (weapon)
Missiles
 V - 4 throwing nets (quivered)
Armour
 k - a +0 cloak of invisibility (worn)
 R - a +1 hat of intelligence (worn)
Magical Staves
 t - an uncursed staff of earth
Jewellery
 a - a ring of magical power (left hand)
 e - an amulet of magic regeneration (around neck)
 F - a +4 ring of intelligence (right hand)
 K - a +6 ring of dexterity {unknown}
Wands
 m - a wand of lightning (10/15)
 o - a wand of confusion (37/48)
 E - a wand of confusion (16/48)
 G - a wand of iceblast (8/15)
 J - a wand of lightning (5/15)
 M - a wand of random effects (33/48)
 N - a wand of digging (13/24)
 P - a wand of lightning (2/15)
 Q - a wand of confusion (20/48)
 U - a wand of iceblast (6/15)
Scrolls
 d - 8 scrolls of teleportation
 h - 5 scrolls of fog
 j - 3 scrolls of magic mapping
 n - 2 scrolls of enchant armour
 s - 4 scrolls of recharging
 y - 7 scrolls of remove curse
 D - 2 scrolls of enchant weapon
 L - a scroll of amnesia
 W - a scroll of immolation
Potions
 b - 2 potions of haste
 g - a potion of berserk rage {unknown}
 i - 6 potions of curing
 q - 4 potions of heal wounds
 r - 2 potions of agility
 u - a potion of resistance
 v - 3 potions of might
 w - 3 potions of brilliance
 x - a potion of lignification {unknown}
 z - a potion of magic
 A - 2 potions of invisibility
 C - 2 potions of flight {unknown}
 T - a potion of ambrosia
Books
 c - the Papyrus of Fire

   Spells                             Type                      Level
   a - Flame Tongue                   Conjuration/Fire             1
   b - Ignite Poison                  Fire/Transmutation/Poison    3
 B - Sif Muna's Collected Works on Creative Talismans
   (You acquired it on level 5 of the Dungeon)

   Spells                             Type                      Level
   a - Summon Butterflies             Summoning                    1
   b - Recall                         Summoning/Translocation      3
   c - Summon Lightning Spire         Summoning/Air                4
   d - Deflect Missiles               Charms/Air                   6
   e - Malign Gateway                 Summoning/Translocation      7
 H - a book of Minor Magic

   Spells                             Type                      Level
   a - Magic Dart                     Conjuration                  1
   b - Blink                          Translocation                2
   c - Call Imp                       Summoning                    2
   d - Slow                           Hexes                        2
   e - Conjure Flame                  Conjuration/Fire             3
   f - Mephitic Cloud                 Conjuration/Poison/Air       3
Comestibles
 f - 5 bread rations
 l - 5 meat rations
 p - a royal jelly
 O - 4 fruits


   Skills:
 - Level 5.3 Fighting
 - Level 3.3 Dodging
 - Level 1.0 Stealth
 + Level 9.0 Spellcasting
 + Level 8.3 Conjurations
 - Level 1.0 Translocations
 + Level 7.3 Fire Magic
 + Level 9.3 Poison Magic
 + Level 7.4 Invocations
 - Level 1.0 Evocations


You had 16 spell levels left.
You knew the following spells:

 Your Spells              Type           Power        Failure   Level  Hunger
a - Ignite Poison         Fire/Tmut/Pois #####...     1%          3    None
c - Mephitic Cloud        Conj/Pois/Air  #####...     1%          3    None
e - Blink                 Tloc           N/A          4%          2    None
x - Conjure Flame         Conj/Fire      ######..     1%          3    None
z - Flame Tongue          Conj/Fire      #####        1%          1    None


Dungeon Overview and Level Annotations

Branches:
Dungeon (11/15)            Temple (1/1) D:4            Lair (0/6) D:8
    Orc: D:9-12

Altars:
Ashenzari
Cheibriados
Dithmenos
Elyvilon
Fedhas
Gozag
Hepliaklqana
Kikubaaqudgha
Makhleb
Nemelex Xobeh
Okawaru
Qazlal
Ru
Sif Muna
Uskayaw
Vehumet
Wu Jian
Xom
Yredelemnul
Zin
The Shining One

Shops:
D:7 }   D:8 *

Annotations:
D:6 p0werm0de's ghost, novice NaAs


Innate Abilities, Weirdness & Mutations

You can breathe blasts of noxious fumes.
Your lurid green scales are hard. (AC +7)
You cannot fit into any form of body armour.
Your system is resistant to poisons. (rPois)
You are cold-blooded and may be slowed by cold attacks.
Your skin changes colour to match your surroundings (Stealth+).
Your mind is acute. (Int +2)
Your body sometimes deteriorates upon taking damage.


Message History

Aiming: Flame Tongue
Press: ? - help, Shift-Dir - straight line, f/p - gargoyle
Aim: a gargoyle, wielding a dire flail of protection (flame, severely damaged)
The flame tongue hits the gargoyle.
The gargoyle appears unharmed.
The gargoyle is severely damaged.
The gargoyle is engulfed in blazing flames.
The gargoyle hurls a stone arrow at you.
The stone arrow hits you!
* * * LOW HITPOINT WARNING * * *
You take 12 damage, and have 19/88 hp.
You now have 20/33 mp.
Casting: Flame Tongue
Confirm with . or Enter, or press ? or * to list all spells.
Aiming: Flame Tongue
Press: ? - help, Shift-Dir - straight line, f/p - gargoyle
Aim: a gargoyle, wielding a dire flail of protection (flame, almost destroyed)
The flame tongue hits the gargoyle.
The gargoyle appears unharmed.
The gargoyle is almost destroyed.
The gargoyle hurls a stone arrow at you.
The stone arrow hits you!
You die...

#.#.............#
# #........####.#
#..#####......#
##. #.####.# .
#.####.### #
#.........
#.#####......###
#.....†.######
### ####@#### ...
#9# .. #.# ## ..
#.# .##.# #.#
...## #§# ....#
#.# ..... ..# .##


You could see a gargoyle.

Vanquished Creatures
  Gastronok (D:10)
  Josephine (D:10)
  Harold (D:10)
  A two-headed ogre (D:9)
  Pikel (D:6)
  A centaur skeleton (D:11)
  Joseph (D:8)
  A gargoyle (D:10)
  3 wraiths (D:10)
  A wyvern (D:8)
  A vampire (D:10)
  7 yaks
  An acid dragon (D:9)
  A water moccasin (D:11)
  2 porcupines (D:8)
  2 orc warriors
  3 ice beasts
  4 sky beasts
  4 slaves (D:6)
  2 black bears
  A phantom (D:7)
  An ogre (D:8)
  2 centaurs
  2 big kobolds (D:10)
  4 bullfrogs
  5 scorpions
  5 killer bees (D:10)
  9 wights
  2 howler monkeys (D:9)
  9 crimson imps
  A centaur zombie (D:6)
  An orc priest (D:10)
  3 hounds
  2 jellies
  7 orc wizards
  Crazy Yiuf (D:7)
  2 bullfrog skeletons
  3 iguanas
  8 worker ants
  A killer bee zombie (D:10)
  A hound zombie (D:7)
  A hound skeleton (D:7)
  9 mummies
  A howler monkey zombie (D:5)
  A worker ant zombie (D:11)
  17 gnolls
  14 adders
  2 shadow imps
  An ooze (D:4)
  An adder skeleton (D:5)
  2 worms
  2 dart slugs
  7 leopard geckos
  32 orcs
  12 bats
  9 giant cockroaches
  2 gnoll zombies (Ossuary)
  7 goblins
  3 hobgoblins
  14 jackals
  12 kobolds
  7 quokkas
  5 frilled lizards
  3 hobgoblin zombies (Ossuary)
  A jackal skeleton (D:8)
  A kobold zombie (Ossuary)
  2 orc zombies (Ossuary)
  A quokka skeleton (D:4)
  8 rats
286 creatures vanquished.

Vanquished Creatures (others)
  A fungus (D:8)
1 creature vanquished.

Grand Total: 287 creatures vanquished

Notes
Turn   | Place    | Note
-------+----------+-------------------------------------------
     0 | D:1      | namelastname112 the Draconian Wanderer began the quest for the Orb.
     0 | D:1      | namelastname112 set off with: a +2 dagger, a potion of haste, the Papyrus of Fire, a scroll of teleportation, a bread ration
     0 | D:1      | Reached XP level 1. HP: 19/19 MP: 5/5
     0 | D:1      | Identified the Papyrus of Fire
   137 | D:1      | Reached XP level 2. HP: 18/27 MP: 7/7
   164 | D:1      | Reached skill level 1 in Dodging
   610 | D:1      | Learned a level 1 spell: Flame Tongue
   945 | D:1      | Reached XP level 3. HP: 33/33 MP: 6/8
  1492 | D:2      | Reached skill level 1 in Conjurations
  1492 | D:2      | Reached XP level 4. HP: 20/41 MP: 10/10
  2680 | D:3      | Reached XP level 5. HP: 38/47 MP: 11/11
  3270 | D:4      | Found a stormy altar of Qazlal.
  3283 | D:4      | Found a blossoming altar of Fedhas.
  3401 | D:4      | Found a shimmering altar of Xom.
  3445 | D:4      | Found a staircase to the Ecumenical Temple.
  3478 | D:4      | Found a burning altar of Makhleb.
  3483 | D:4      | Found a white marble altar of Elyvilon.
  3486 | D:4      | Found an ancient bone altar of Kikubaaqudgha.
  3680 | D:4      | Found a glowing golden altar of the Shining One.
  3855 | D:5      | Entered Level 5 of the Dungeon
  3957 | D:5      | Found a sand-covered staircase.
  3965 | D:5      | Reached XP level 6. HP: 36/53 MP: 13/13
  4006 | Ossuary  | Entered an ossuary
  4248 | Ossuary  | Reached skill level 5 in Fighting
  4617 | D:5      | Found a shimmering altar of Xom.
  5041 | D:5      | Reached skill level 5 in Spellcasting
  5046 | D:5      | Learned a level 3 spell: Conjure Flame
  5185 | D:5      | Your scales start taking on a lurid green colour.
  5185 | D:5      | Reached XP level 7. HP: 58/61 MP: 14/14
  5185 | D:5      | Gained mutation: Your system is resistant to poisons. (rPois) [Green Draconian growth]
  5208 | D:5      | Learned a level 3 spell: Mephitic Cloud
  5607 | Temple   | Entered the Ecumenical Temple
  5790 | D:5      | Learned a level 2 spell: Blink
  5801 | D:5      | Identified a scroll of acquirement
  5801 | D:5      | Identified Sif Muna's Collected Works on Creative Talismans (You acquired it on level 5 of the Dungeon)
  5820 | D:6      | Noticed Pikel
  5885 | D:6      | Killed Pikel
  5885 | D:6      | Reached XP level 8. HP: 68/68 MP: 16/16
  6000 | D:6      | Found a sparkling altar of Nemelex Xobeh.
  6204 | D:6      | Noticed p0werm0de's ghost (novice NaAs)
  6835 | D:6      | Got a polished falchion
  6836 | D:6      | Identified the +1 falchion of Ocyvaung {chaos, +Inv +Fly rElec rF-} (You found it on level 6 of the Dungeon)
  7026 | D:6      | Learned a level 3 spell: Ignite Poison
  7067 | D:6      | Reached skill level 5 in Conjurations
  7204 | D:7      | Found a deep blue altar of Sif Muna.
  7212 | D:7      | Became a worshipper of Sif Muna the Loreminder
  7274 | D:7      | Found a runed door.
  7278 | D:7      | Noticed Crazy Yiuf
  7285 | D:7      | Killed Crazy Yiuf
  7333 | D:7      | Found a sacrificial altar of Ru.
  7379 | D:7      | Reached skill level 1 in Invocations
  7477 | D:7      | Reached XP level 9. HP: 26/74 MP: 19/19
  7827 | D:7      | Found Deisuv's Quality Used Wands.
  7847 | D:7      | Reached * piety under Sif Muna
  8028 | D:7      | Reached skill level 5 in Poison Magic
  8375 | D:8      | Noticed Joseph
  8393 | D:8      | Killed Joseph
  8682 | D:8      | Found Kas Ute's General Store.
  8749 | D:8      | Reached skill level 5 in Fire Magic
  8794 | D:8      | Reached ** piety under Sif Muna
  8995 | D:8      | Found a staircase to the Lair.
  9141 | D:9      | Reached XP level 10. HP: 78/81 MP: 21/21
  9211 | D:9      | Noticed a two-headed ogre
  9252 | D:9      | Killed a two-headed ogre
  9252 | D:9      | Reached skill level 5 in Invocations
  9293 | D:9      | Found a shadowy altar of Dithmenos.
  9329 | D:9      | Reached *** piety under Sif Muna
  9857 | D:9      | Found an ornate altar of the Wu Jian Council.
 10184 | D:10     | Entered Level 10 of the Dungeon
 10228 | D:10     | Noticed Josephine
 10442 | D:10     | Killed Josephine
 10669 | D:10     | Noticed Gastronok
 10716 | D:10     | Killed Gastronok
 10716 | D:10     | Reached XP level 11. HP: 40/88 MP: 20/23
 10988 | D:10     | Reached **** piety under Sif Muna
 11296 | D:10     | Noticed Harold
 11313 | D:10     | Killed Harold
 11847 | D:10     | Gained mutation: You possess an exceptional clarity of mind. [mutagenic meat]
 11849 | D:10     | Gained mutation: You are frail. (-10% HP) [mutagenic meat]
 11850 | D:10     | Gained mutation: Your spells are a little harder to cast, but a little more powerful. [mutagenic meat]
 11851 | D:10     | Gained mutation: You have a beak for a mouth. [mutagenic meat]
 11857 | D:10     | Lost mutation: You are frail. (-10% HP) [potion of mutation]
 11857 | D:10     | Lost mutation: You possess an exceptional clarity of mind. [potion of mutation]
 11857 | D:10     | Lost mutation: Your spells are a little harder to cast, but a little more powerful. [potion of mutation]
 11857 | D:10     | Lost mutation: You have a beak for a mouth. [potion of mutation]
 11857 | D:10     | Gained mutation: Your body sometimes deteriorates upon taking damage. [potion of mutation]
 11857 | D:10     | Gained mutation: You do not regenerate when monsters are visible. [potion of mutation]
 11857 | D:10     | Gained mutation: You have large cloven feet. [potion of mutation]
 12040 | D:10     | Gained mutation: Your mind is acute. (Int +2) [mutagenic meat]
 12442 | D:11     | Lost mutation: You do not regenerate when monsters are visible. [potion of mutation]
 12442 | D:11     | Lost mutation: You have large cloven feet. [potion of mutation]
 12442 | D:11     | Gained mutation: Your skin changes colour to match your surroundings (Stealth+). [potion of mutation]
 12442 | D:11     | Gained mutation: Your spells are a little easier to cast, but a little less powerful. [potion of mutation]
 12442 | D:11     | Lost mutation: Your spells are a little easier to cast, but a little less powerful. [potion of mutation]
 12544 | D:11     | Killed from afar by a gargoyle

Vault maps used:
D:1:      minmay_arrival_four_loops
D:3:      dk_noncrumbling_4
D:4:      grunt_temple_overflow_forces_of_nature, overflow_temple_1_default,
          lemuel_doored_altar, minmay_overflow_temple_star_quad,
          minmay_temple_entry_fiery, first_bread
D:5:      basic_altar, gup_ossuary_entry_pyramid
D:6:      lemuel_coloured_pillars_altar, trog_eyes_of_draining,
          corexii_hall_statues_l, uniq_pikel
D:7:      nicolae_overflow_crystal_walls, old_standard_altar,
          nicolae_for_you_no_charge, uniq_crazy_yiuf_cottage
D:8:      grunt_lair_entry_orc_guard_hut, serial_shops, shop, uniq_joseph
D:9:      old_standard_altar, lemuel_round_altar
D:10:     uniq_gastronok, uniq_harold, uniq_josephine
Temple:   nicolae_temple_figure_zero
Ossuary:  ossuary_tomb_3

Skill      XL: |  1  2  3  4  5  6  7  8  9 10 11 |
---------------+----------------------------------+-----
Dodging        | 1 2 3 |  3.3
Fighting       | 4 5 |  5.3
Conjurations   | 1 2 3 4 5 6 7 8 |  8.3
Spellcasting   | 5 6 7 8 9 |  9.0
Fire Magic     | 2 4 5 6 7 |  7.3
Poison Magic   | 3 4 6 8 9 |  9.3
Invocations    | 1 4 6 7 |  7.4
Stealth        | |  1.0
Translocations | |  1.0
Evocations     | |  1.0

Action                   |  1- 3 |  4- 6 |  7- 9 | 10-12 || total
-------------------------+-------+-------+-------+-------++-------
Melee: Dagger            |   131 |   136 |   103 |       ||   370
       Tailslap          |     6 |    17 |    13 |     5 ||    41
       Quarterstaff      |       |       |    62 |    31 ||    93
       Kick              |       |       |       |     5 ||     5
 Cast: Flame Tongue      |     4 |   155 |   182 |   295 ||   636
       Mephitic Cloud    |       |       |     3 |     9 ||    12
       Conjure Flame     |       |       |     8 |     4 ||    12
       Ignite Poison     |       |       |     5 |    13 ||    18
       Blink             |       |       |     2 |       ||     2
 Abil: Breathe Noxious F |       |       |    11 |     8 ||    19
  Use: Scroll            |       |       |    20 |     5 ||    25
       Potion            |       |       |       |     2 ||     2
 Stab: Sleeping          |     1 |     1 |     1 |       ||     3
       Confused          |       |       |     3 |     1 ||     4
  Eat: Chunk             |     1 |    10 |     5 |    11 ||    27
       Royal jelly       |       |     1 |     2 |     1 ||     4
       Meat ration       |       |       |     1 |     1 ||     2
       Fruit             |       |       |       |     1 ||     1
Armor: Skin              |    51 |    59 |    84 |    71 ||   265
Dodge: Dodged            |   104 |   135 |   174 |   133 ||   546
